Map: Crimson Court LE

Players

eonblu

  • Race: Zerg Zerg
  • Spawn Location: 7:00

VITRyung (Ryung) - Winner!

  • Race: Terran Terran
  • Spawn Location: 1:00

Event: HomeStory Cup XXV

VOD

Have the link to the VOD?

Description

Time

  • Played on: June 21, 2024, 8:20 a.m.
  • Length: 8:57

All games in this series

Show
View Real Time Build Order
Export as new Build Order

eonblu Zerg 

Build Orders: Hatch First 

Get SALT Encoding   

  12  0:00  Drone  
  13  0:12  Overlord  
  13  0:17  Drone  
  14  0:30  Drone x2  
  16  0:47  Hatchery  
  15  0:51  Drone  
  15  0:54  Drone  
  17  1:04  Extractor  
  17  1:10  Spawning Pool  
  15  1:13  Drone  
  15  1:16  Drone  
  17  1:20  Drone  
  18  1:28  Drone  
  19  1:39  Overlord  
  19  1:56  Queen  
  19  1:57  Zergling x2  
  19  1:59  Queen  
  19  2:00  Zergling x4  
  26  2:06  Metabolic Boost  
  26  2:10  Drone  
  26  2:13  Drone  
  28  2:26  Drone x2  
  30  2:35  Overlord  
  30  2:37  Queen  
  30  2:42  Queen  
  34  2:45  Drone  
  35  2:57  Drone x4  
  39  3:09  Zergling x4  
  39  3:11  Drone x3  
  42  3:20  Overlord  
  42  3:26  Roach Warren  
  41  3:32  Hatchery  
  40  3:36  Drone  
  40  3:39  Drone x2  
  43  3:42  Drone  
  43  3:44  Drone  
  45  3:57  Overlord x3  
  45  4:20  Roach  
  45  4:21  Roach x4  
  54  4:25  Roach  
  56  4:36  Zergling x12  
  60  4:50  Roach x3  
  65  4:55  Zergling x16  
  65  4:56  Zergling x2  
  75  5:07  Zergling x6  
  77  5:21  Zergling x6  
  77  5:27  Zergling x4  
  82  5:42  Zergling x4  
  82  5:44  Zergling x2  
  77  5:55  Drone x8  
  79  6:02  Drone x4  
  79  6:03  Drone x2  
  71  6:04  Drone  
  71  6:08  Lair  
  71  6:09  Drone x6  
  68  6:11  Drone  
  68  6:12  Drone  
  68  6:17  Queen x2  
  71  6:22  Spore Crawler  
  71  6:23  Spore Crawler  
  71  6:25  Spore Crawler, Evolution Chamber  
  68  6:26  Drone x3  
  68  6:27  Drone  
  68  6:28  Spore Crawler  
  68  6:31  Drone x2  
  72  6:38  Drone x5  
  77  6:40  Extractor  
  77  6:41  Drone x2, Extractor x3  
  77  6:45  Drone x2  
  74  6:52  Drone x4  
  75  6:55  Drone x2  
  74  7:02  Drone  
  74  7:03  Zerg Ground Armor Level 1  
  74  7:05  Drone x2  
  77  7:10  Drone x3  
  79  7:17  Overseer  
  79  7:22  Queen  
  81  7:28  Drone  
  81  7:29  Overlord x3  
  82  7:41  Hatchery  
  82  7:42  Overlord x6  
  81  7:49  Roach x3  
  87  8:02  Roach x8  
  87  8:03  Roach  
  105  8:09  Ravager x3  
  105  8:11  Zergling x4  
  110  8:18  Zergling x4  
  112  8:23  Zergling x2  
  112  8:24  Zergling x12  
Show
View Real Time Build Order
Export as new Build Order

VITRyung Terran - Winner!

Build Orders: Hellion Banshee 

Get SALT Encoding   

  12  0:00  SCV  
  13  0:12  SCV  
  14  0:17  Supply Depot  
  14  0:24  SCV  
  15  0:39  SCV, Barracks  
  16  0:42  Refinery  
  16  0:51  SCV  
  17  0:58  Barracks  
  17  1:03  SCV  
  18  1:15  SCV  
  19  1:26  Reaper  
  19  1:27  Orbital Command  
  19  1:30  Supply Depot  
  20  1:45  Reaper  
  21  1:53  SCV  
  22  2:03  Reaper  
  22  2:05  SCV  
  24  2:09  Command Center  
  24  2:17  SCV  
  24  2:18  Refinery  
  25  2:29  SCV  
  26  2:40  Factory  
  26  2:41  SCV  
  27  2:52  Barracks Reactor  
  27  2:53  SCV  
  28  2:59  Barracks Tech Lab  
  28  3:05  SCV, Command Center  
  29  3:17  SCV  
  30  3:21  Orbital Command  
  30  3:30  SCV  
  30  3:31  Starport  
  30  3:33  Hellion x2  
  35  3:42  SCV  
  35  3:47  Barracks Tech Lab, SCV  
  37  3:54  Hellion x2  
  37  3:55  SCV  
  42  3:57  Marine  
  42  4:01  SCV  
  44  4:07  SCV  
  45  4:13  SCV, Barracks Reactor  
  46  4:18  Banshee  
  46  4:19  SCV, Cloaking Field  
  50  4:24  Stimpack  
  50  4:25  SCV  
  50  4:26  Supply Depot, Orbital Command  
  50  4:27  Marine  
  52  4:33  Hellion x2  
  52  4:37  SCV  
  52  4:38  SCV  
  58  4:48  Marine  
  58  4:49  SCV  
  58  4:50  SCV  
  58  4:51  Supply Depot  
  61  4:53  SCV  
  61  4:56  Marine x2  
  64  5:00  Banshee  
  64  5:01  SCV  
  64  5:02  SCV  
  64  5:06  Refinery  
  69  5:08  Engineering Bay  
  69  5:09  Orbital Command, Refinery  
  69  5:10  Engineering Bay  
  69  5:12  Marine  
  69  5:13  SCV  
  71  5:14  SCV  
  71  5:15  Marine  
  71  5:16  Supply Depot  
  71  5:17  Marine  
  74  5:24  Supply Depot  
  74  5:25  SCV  
  74  5:26  SCV  
  74  5:27  Supply Depot  
  76  5:30  Marine  
  77  5:38  SCV x3, Terran Infantry Armor Level 1, Terran Infantry Weapons Level 1  
  77  5:42  Marine x2  
  77  5:48  Marine  
  74  5:56  Hellion x2  
  70  6:00  Marine x2  
  65  6:06  SCV x2  
  65  6:09  SCV  
  57  6:18  SCV  
  58  6:20  SCV  
  58  6:21  SCV  
  60  6:27  Marine x2  
  60  6:28  Marine  
  60  6:29  Combat Shield  
  60  6:30  SCV  
  64  6:33  SCV  
  64  6:34  SCV  
  66  6:40  Supply Depot  
  66  6:44  Siege Tank  
  66  6:45  SCV x2  
  66  6:46  SCV  
  72  6:53  Medivac x2  
  76  6:58  SCV  
  74  7:03  SCV x2  
  74  7:04  Marine x3  
  79  7:10  SCV  
  79  7:15  SCV x2  
  82  7:16  Siege Tank  
  82  7:21  Barracks x3  
  82  7:22  SCV, Marine x2  
  86  7:23  Marine  
  86  7:27  SCV x2  
  91  7:37  SCV  
  91  7:38  Medivac x2  
  91  7:39  SCV x2, Armory  
  91  7:40  Marine x3  
  101  7:49  SCV  
  101  7:50  Supply Depot x2  
  102  7:51  Supply Depot, SCV x2  
  102  7:56  Siege Tank  
  102  7:58  Marine x2  
  107  8:01  Supply Depot  
  113  8:16  Marine x2  
  113  8:19  Barracks Reactor x3  
  111  8:22  Marine  
  112  8:34  Marine x2  
  98  8:50  Refinery x2, Command Center  
Tags
 
Add a new tag
Caveats
  • Supply blocks, unpowered buildings, or Contaminate may cause inaccurate times.
  • Supply counts are checked every 10 seconds.